[Event "Icelandic Team-ch Premier 2021-22"]
[Site "Reykjavik"]
[Date "2022.03.06"]
[Round "10.23"]
[White "Jacobsen, Mikkel Manosri"]
[Black "Halldorsson, Jon Arni"]
[Result "1-0"]
[ECO "D23"]
[WhiteElo "2240"]
[BlackElo "2070"]
[Annotator "NA"]
[PlyCount "91"]
[EventDate "2022.03.05"]
[EventType "team-tourn"]
[EventCountry "ISL"]
[SourceTitle "playchess.com"]
[Source "ChessBase"]
[SourceQuality "1"]
[TimeControl "5400+30"]

1. d4 d5 2. Nf3 Nf6 3. c4 c6 4. Qb3 dxc4 5. Qxc4 Bf5 6. Nc3 e6 7. h3 Nbd7 8. g4 Bg6 9. Bg2 Be7 10. Bg5 Qb6 11. O-O-O Qb4 12. Qxb4 Bxb4 13. Nh4 Nd5 14. Nxg6 hxg6 15. Kc2 Be7 16. Bc1 g5 17. e3 O-O-O 18. a3 Kb8 19. Ne2 Bd6 20. e4 Nf4 21. Bxf4 Bxf4 22. h4 f6 23. hxg5 fxg5 24. e5 c5 25. Nxf4 gxf4 26. d5 Rxh1 27. Bxh1 Nxe5 28. Re1 Nxg4 29. dxe6 Re8 30. Kc3 Re7 31. Kc4 Nxf2 32. Kxc5 Kc7 33. Kd5 Ng4 34. Rc1+ Kd8 35. Kd6 Nh6 36. Be4 f3 37. Bg6 f2 38. Rf1 Ng4 39. Bf5 Ne3 40. Rxf2 Nc4+ 41. Kd5 Ne3+ 42. Ke4 Nxf5 43. Kxf5 Kc7 44. Ke5 b6 45. Rf7 Kd8 46. Kd6 1-0

[Event "Icelandic Team-ch Premier 2021-22"]
[Site "Reykjavik"]
[Date "2022.03.06"]
[Round "10.24"]
[White "Thorsteinsson, Erlingur"]
[Black "Johannesson, Ingvar Thor"]
[Result "1/2-1/2"]
[ECO "A61"]
[WhiteElo "2056"]
[BlackElo "2315"]
[Annotator "ChessBase"]
[PlyCount "136"]
[EventDate "2022.03.05"]
[EventType "team-tourn"]
[EventCountry "ISL"]
[SourceTitle "playchess.com"]
[Source "ChessBase"]
[SourceQuality "1"]
[TimeControl "5400+30"]

1. d4 Nf6 2. c4 c5 3. d5 e6 4. Nc3 exd5 5. cxd5 d6 6. Nf3 g6 7. Bf4 a6 8. a4 Bg7 9. h3 O-O 10. e3 Qe7 11. Be2 Nbd7 12. O-O Ne8 13. Nd2 Ne5 14. Nc4 Nxc4 15. Bxc4 Rb8 16. Qe2 Nc7 17. Rfe1 Bd7 18. a5 b5 19. axb6 Rxb6 20. e4 Rfb8 21. Ra2 Be5 22. Bxe5 Qxe5 23. Qd2 g5 24. Bf1 Bb5 25. g3 Bxf1 26. Kxf1 Nb5 27. Nxb5 Rxb5 28. Re2 Rb3 29. Kg2 R8b4 30. Kh2 h6 31. f4 gxf4 32. gxf4 Qh5 33. Re3 Rxe3 34. Qxe3 Qd1 35. Qg1+ Qxg1+ 36. Kxg1 Rxe4 37. Rxa6 Rxf4 38. Rxd6 Rd4 39. Rxh6 Rxd5 40. Rc6 Rf5 41. Kg2 Kg7 42. Kg3 f6 43. h4 Kg6 44. Kg4 Rd5 45. b3 Rd4+ 46. Kg3 Rd3+ 47. Kg4 Rd5 48. Rc8 Rd4+ 49. Kg3 Rd3+ 50. Kg4 Rxb3 51. Rxc5 Rb4+ 52. Kg3 Rb3+ 53. Kg4 Rb4+ 54. Kg3 Rb6 55. Kg4 Ra6 56. Rb5 Ra1 57. Rc5 Rg1+ 58. Kf4 Rh1 59. Kg3 Rg1+ 60. Kf4 Rf1+ 61. Kg3 Rd1 62. Kf4 Rd4+ 63. Kg3 f5 64. Ra5 Rg4+ 65. Kh3 Rf4 66. Kg3 Rg4+ 67. Kh3 Rf4 68. Kg3 Rg4+ 1/2-1/2